 Dungeon Crawl Stone Soup version 0.27.1-2-g3b301248ec (webtiles) character file.

Game seed: 2376621328462440366

7211 Kinoniko the Cleaver (level 10, -4/70 HPs)
             Began as a Demonspawn Berserker on Sept 28, 2021.
             Was a High Priest of Trog.
             Slain by a two-headed ogre (14 damage)
             ... on level 10 of the Dungeon.
             The game lasted 00:08:50 (9398 turns).

Kinoniko the Cleaver (Demonspawn Berserker)         Turns: 9398, Time: 00:08:50

Health: -4/70      AC: 14    Str: 21    XL:     10   Next: 87%
Magic:  10/10      EV: 11    Int:  9    God:    Trog [*****.]
Gold:   548        SH:  0    Dex: 12    Spells: 9/9 levels left

rFire    . . .     SeeInvis .   u - +9 executioner's axe (venom)
rCold    . . .     Faith    .   (shield currently unavailable)
rNeg     . . .     Spirit   .   A - +0 swamp dragon scales
rPois    +         Reflect  .   g - +2 helmet
rElec    .         Harm     .   (no cloak)
rCorr    +         Rampage  .   (no gloves)
Will     .....                  (no boots)
Stlth    +.........             (no amulet)
HPRegen  0.21/turn              y - ring of resist corrosion
MPRegen  0.12/turn              (no ring)

@: mighty, very slow
A: hooves 2, molten scales 1, ignite blood 1, powered by pain 2
a: Renounce Religion, Berserk, Trog's Hand, Brothers in Arms


You were on level 10 of the Dungeon.
You worshipped Trog.
Trog was extremely pleased with you.
You visited 1 branch of the dungeon, and saw 10 of its levels.
You also visited: Ossuary.

You collected 548 gold pieces.

Inventory:

Hand Weapons
 a - a +1 hand axe of flaming
 u - a +9 executioner's axe of venom (weapon)
 B - a +6 battleaxe
Armour
 b - a +0 animal skin
 c - a +0 leather armour
 d - a +0 plate armour
 g - a +2 helmet (worn)
 s - a +2 hat
 A - +0 swamp dragon scales (worn)
Jewellery
 q - a ring of ice
 y - a ring of resist corrosion (left hand)
Wands
 i - a wand of polymorph (9)
 l - a wand of paralysis (10)
 z - a wand of charming (7)
 D - a wand of iceblast (9)
 E - a wand of flame (21)
Scrolls
 f - 2 scrolls of vulnerability
 h - 2 scrolls of teleportation
 p - 3 scrolls of magic mapping
 v - 2 scrolls of fear
Potions
 e - 2 potions of cancellation
 j - a potion of degeneration
 k - 2 potions of brilliance
 m - a potion of might
 n - 2 potions of flight
 o - 4 potions of curing
 r - a potion of invisibility
 t - 2 potions of lignification
 w - a potion of ambrosia
 x - a potion of attraction {unknown}
 C - a potion of haste


   Skills:
 - Level 3.0 Fighting
 * Level 13.8 Axes
 + Level 6.4 Armour
 - Level 1.7 Dodging


You had 9 spell levels left.
You didn't know any spells.
Your spell library was empty.

Dungeon Overview and Level Annotations

Branches:
Dungeon (10/15)            Temple (0/1) D:4         Ossuary (visited)
   Lair: D:8-11         Orc: D:9-12

Altars:
Vehumet
Xom


Innate Abilities, Weirdness & Mutations

You have hoof-like feet.
You are partially covered in molten scales. (AC +2)
Your demonic aura sometimes causes spilled blood to erupt in flames.
You sometimes gain power by taking damage.


Message History

The bolt of electricity hits the plant!
The bolt of electricity hits you.
A nearby plant withers and dies. x2
The electric eel shoots out a bolt of lightning at you!
The bolt of electricity hits the plant!
The plant begins to die.
The bolt of electricity hits you!
The bolt of electricity hits the plant!
The plant begins to die.
The electric eel shoots out a bolt of lightning at you!
The bolt of electricity hits you!
The electric eel shoots out a bolt of lightning at you!
The bolt of electricity hits you!
* * * LOW HITPOINT WARNING * * *
As you read the scroll of teleportation, it crumbles to dust.
You feel strangely unstable.
The electric eel shoots out a bolt of lightning at you!
The bolt of electricity hits you.
* * * LOW HITPOINT WARNING * * *
Unknown command.
Unknown command.
The electric eel shoots out a bolt of lightning at you!
The bolt of electricity hits you!
* * * LOW HITPOINT WARNING * * *
You focus on the pain.
You feel mightier all of a sudden.
The bolt of electricity hits the plant!
The plant begins to die.
Unknown command.
The electric eel shoots out a bolt of lightning at you!
The bolt of electricity hits you.
* * * LOW HITPOINT WARNING * * *
Unknown command.
Unknown command.
You feel better.
Your surroundings suddenly seem different.
Splash!
You fall into the shallow water.
Moving in this stuff is going to be slow.
A two-headed ogre comes into view.
It is wielding a +0 giant club and a +0 giant spiked club.
Found 13 gold pieces and a robe.
You hear a shout!
You hear an angry buzzing noise.
The two-headed ogre hits you with a +0 giant club!
You die...

....... ..[....
....... .......
.......
.......###
.......P.♣♣#.##
#≈@≈≈P...#
#♣OP≈.##.#
#.#### ... #..
.$.. .#.. # ##.


You could see a two-headed ogre.

Vanquished Creatures
  A boulder beetle (D:8)
  A two-headed ogre (D:9)
  Pikel (D:8)
  3 centaur zombies
  Maggie (D:8)
  A troll (D:9)
  A wyvern (D:8)
  Edmund (D:4)
  An acid dragon (D:9)
  4 water moccasins
  3 ice beasts
  5 ogres
  A black bear (D:7)
  3 orc warriors
  3 centaurs
  2 lemures (D:8)
  A phantom (D:7)
  An elf zombie (Ossuary)
  3 bullfrogs
  A kobold brigand (D:8)
  4 scorpions
  16 killer bees
  10 wights
  A jelly (D:7)
  6 hounds
  3 human zombies (Ossuary)
  2 bullfrog skeletons
  An orc priest (D:5)
  2 iguanas
  Jessica (D:2)
  An orc wizard (D:6)
  2 scorpion zombies (D:5)
  A killer bee zombie (D:7)
  A hound zombie (D:3)
  4 mummies (Ossuary)
  A howler monkey zombie (D:9)
  6 adders
  A shadow imp (D:5)
  An adder zombie (Ossuary)
  3 dart slugs
  14 orcs
  9 endoplasms
  8 giant cockroaches
  A gnoll zombie (Ossuary)
  3 hobgoblins
  9 jackals
  4 quokkas
  4 ball pythons
  4 bats
  3 frilled lizards (D:1)
  5 goblins
  A hobgoblin zombie (Ossuary)
  A jackal zombie (Ossuary)
  11 kobolds
  2 kobold zombies (Ossuary)
  An orc zombie (Ossuary)
  10 rats
  A rat zombie (Ossuary)
196 creatures vanquished.

Vanquished Creatures (others)
  5 plants
5 creatures vanquished.

Grand Total: 201 creatures vanquished

Notes
Turn   | Place    | Note
-------+----------+-------------------------------------------
     0 | D:1      | Kinoniko the Demonspawn Berserker began the quest for the
                  | Orb.
     0 | D:1      | Reached XP level 1. HP: 18/18 MP: 1/1
     1 | D:1      | Found a runed translucent door.
   256 | D:1      | Reached skill level 3 in Axes
   344 | D:1      | Gained mutation: You are partially covered in molten
                  | scales. (AC +2) [demonic ancestry]
   344 | D:1      | Reached XP level 2. HP: 22/24 MP: 2/2
   783 | D:1      | Reached XP level 3. HP: 29/29 MP: 3/3
   790 | D:1      | Reached ** piety under Trog
   797 | D:1      | Reached skill level 4 in Axes
   888 | D:2      | Found a radiant altar of Vehumet.
   935 | D:2      | Found a faded altar of an unknown god.
  1213 | D:2      | Noticed Jessica
  1223 | D:2      | Gained mutation: You sometimes gain a little power by
                  | taking damage. [demonic ancestry]
  1223 | D:2      | Reached XP level 4. HP: 33/35 MP: 4/4
  1232 | D:2      | Killed Jessica
  1947 | D:3      | Reached skill level 5 in Axes
  2345 | D:4      | Noticed an ogre
  2353 | D:4      | Killed an ogre
  2354 | D:4      | Gained mutation: You sometimes gain power by taking damage.
                  | [demonic ancestry]
  2354 | D:4      | Reached XP level 5. HP: 39/41 MP: 5/5
  2481 | D:4      | Reached skill level 6 in Axes
  2589 | D:4      | Noticed an ogre
  2598 | D:4      | Killed an ogre
  2599 | D:4      | Reached XP level 6. HP: 10/47 MP: 6/6
  3130 | D:4      | Reached *** piety under Trog
  3167 | D:4      | Found a staircase to the Ecumenical Temple.
  3183 | D:4      | Noticed Edmund
  3191 | D:4      | Killed Edmund
  3192 | D:4      | Reached skill level 7 in Axes
  3683 | D:5      | Entered Level 5 of the Dungeon
  3706 | D:5      | Reached skill level 8 in Axes
  3706 | D:5      | Gained mutation: You have large cloven feet. [demonic
                  | ancestry]
  3706 | D:5      | Reached XP level 7. HP: 45/52 MP: 7/7
  4072 | D:5      | Reached skill level 9 in Axes
  4072 | D:5      | Reached XP level 8. HP: 54/58 MP: 8/8
  4936 | D:6      | Reached skill level 10 in Axes
  5341 | D:6      | Reached skill level 11 in Axes
  5341 | D:6      | Gained mutation: You have hoof-like feet. [demonic
                  | ancestry]
  5341 | D:6      | Reached XP level 9. HP: 44/63 MP: 9/9
  5862 | D:6      | Identified a scroll of acquirement
  5862 | D:6      | Acquired a +5 executioner's axe of venom
  5893 | D:7      | Reached **** piety under Trog
  5902 | D:7      | Found a sand-covered staircase.
  5910 | Ossuary  | Entered an ossuary
  6672 | D:7      | Reached skill level 12 in Axes
  6722 | D:7      | Found a shimmering altar of Xom.
  7434 | D:8      | Gained mutation: Your demonic aura sometimes causes spilled
                  | blood to erupt in flames. [demonic ancestry]
  7434 | D:8      | Reached XP level 10. HP: 53/70 MP: 10/10
  7680 | D:8      | Noticed Maggie
  7686 | D:8      | Killed Maggie
  7899 | D:8      | Noticed Pikel
  7911 | D:8      | Killed Pikel
  7911 | D:8      | Reached ***** piety under Trog
  7912 | D:8      | Reached skill level 5 in Armour
  7915 | D:8      | Reached skill level 13 in Axes
  8321 | D:8      | Noticed a boulder beetle
  8332 | D:8      | Killed a boulder beetle
  8787 | D:9      | Noticed a two-headed ogre
  8794 | D:9      | Killed a two-headed ogre
  9368 | D:10     | Entered Level 10 of the Dungeon
  9398 | D:10     | Noticed a two-headed ogre
  9398 | D:10     | Slain by a two-headed ogre

Illustrated notes

Levels and vault maps discovered:
D:1:      dpeg_arrival_caged_fury, layout_rooms
D:2:      cheibrodos_old_hovel, layout_basic, basic_altar,
          shapermc_ecumenical_altar_ellora, uniq_jessica
D:3:      layout_loops_ring
D:4:      layout_loops_corners, minmay_temple_entry_glass,
          minmay_misc_feat_secret_circle, uniq_edmund
D:5:      layout_loops_ring, hellmonk_bongcloud_opening, minmay_holes
D:6:      layout_loops_cross
D:7:      layout_basic, mainiacjoe_overflow_six_doors_small,
          chequers_ossuary_entry_cave
D:8:      layout_basic, uniq_maggie, uniq_pikel
D:9:      layout_small_grid
D:10:     layout_rooms, serial_bayou, serial_bayou_pond_e, serial_bayou_shore_b,
          serial_bayou_pond_e, serial_bayou_pond_c, serial_bayou_shore_a,
          serial_bayou_lake_a, minivault_12, uniq_maurice

Skill      XL: |  1  2  3  4  5  6  7  8  9 10 |
---------------+-------------------------------+-----
Axes           | 3 4 5 6 8 9 11 12 13 | 13.8
Armour         | 4 6 |  6.4
Fighting       | |  3.0
Dodging        | |  1.7

Action                   |  1- 3 |  4- 6 |  7- 9 | 10-12 || total
-------------------------+-------+-------+-------+-------++-------
Melee: Hand axe          |   135 |   122 |   153 |       ||   410
       Kick              |       |       |    57 |    14 ||    71
       Executioner's axe |       |       |    71 |    71 ||   142
Invok: Berserk           |     3 |     4 |     8 |     5 ||    20
  Use: Scroll            |       |     9 |    14 |     6 ||    29
       Potion            |       |       |       |     1 ||     1
Armor: Plate armour      |    82 |    91 |   162 |    15 ||   350
       Animal skin       |     1 |       |       |       ||     1
       Swamp dragon scal |       |       |       |    37 ||    37
Dodge: Dodged            |    50 |    36 |    64 |    63 ||   213
